 Dungeon Crawl Stone Soup version 0.28-a0-1213-g0243856f03 (webtiles) character file.

Game seed: 6232863589621155746

31 sanka the Cudgeller (level 3, 0/31 HPs)
             Began as a Palentonga Abyssal Knight on Dec 21, 2021.
             Was a Follower of Lugonu.
             Slain by an orc wizard (3 damage)
             ... on level 1 of the Dungeon.
             The game lasted 00:01:34 (1644 turns).

sanka the Cudgeller (Palentonga Abyssal Knight)     Turns: 1644, Time: 00:01:35

Health: 0/31       AC:  4    Str: 18    XL:     3   Next: 7%
Magic:  4/4        EV:  9    Int: 10    God:    Lugonu [*.....]
Gold:   90         SH:  0    Dex: 10    Spells: 2/2 levels left

rFire   . . .      SeeInvis +   a - +1 mace
rCold   . . .      Faith    .   (no shield)
rNeg    . . .      Spirit   .   b - +0 leather armour
rPois   .          Reflect  .   (no helmet)
rElec   .          Harm     .   (no cloak)
rCorr   .          Rampage  .   (no gloves)
Will    .....                   (no barding)
Stlth   +.........              (no amulet)
HPRegen 0.10/turn               (no ring)
MPRegen 0.09/turn               (no ring)

@: invisible
A: large, rugged brown scales 3, see invisible, deformed body, roll 1, armoured
tail
a: Rolling Charge, Renounce Religion, Depart the Abyss


You were on level 1 of the Dungeon.
You worshipped Lugonu.
Lugonu was aware of your devotion.
You visited 1 branch of the dungeon, and saw 2 of its levels.
You visited the Abyss 1 time.

You collected 90 gold pieces.


Innate Abilities, Weirdness & Mutations

You are completely covered in rugged brown scales. (AC +3, +7% HP)
You have supernaturally acute eyesight. (SInv)
Armour fits poorly on your strangely shaped body.
You can roll at nearby foes to attack.
You have a long armoured tail.


   Skills:
 - Level 3.0 Fighting
 + Level 3.6 Maces & Flails
 - Level 1.5 Armour
 - Level 0.7 Dodging
 - Level 2.0 Invocations


You had 2 spell levels left.
You didn't know any spells.
Your spell library was empty.

Inventory:

Hand Weapons
 a - a +1 mace (weapon)
Armour
 b - a +0 leather armour (worn)
 e - a +0 pair of gloves
Scrolls
 c - a scroll of blinking {unknown}
Potions
 d - a potion of flight {unknown}
 f - a potion of might {unknown}
 g - a potion of curing {unknown}

Dungeon Overview and Level Annotations

Branches:
Dungeon (2/15)

Altars:

..▒▒.▒▒▒ ▒▒▒▒▒▒
......(▒ ▒....▒▒
..▒▒...▒ ▒▒.▒▒..▒
.▒▒▒...▒▒▒▒...▒▒.▒▒▒
▒▒▒.....▒▒..≈.)▒..(▒
▒▒▒▒..†....≈≈≈.....▒
........▒▒..≈..▒...▒
▒▒▒▒▒.▒▒▒▒▒...▒▒▒.▒▒▒
▒.▒ ▒▒.▒▒.H...▒ ▒▒'▒▒
▒.▒.▒▒o▒.▒ ▒▒...▒▒
▒...▒▒.▒.▒ ▒▒.....▒▒
▒▒▒.▒▒.▒.▒
▒▒.).....▒▒ ▒....▒.▒
▒.........▒▒▒▒...▒▒.▒
'.........'.......▒.▒
..........▒▒▒▒...▒▒.▒
.▒.......▒▒ ▒......▒


You could see an orc wizard (invisible).


Message History

The orc wizard is lightly wounded.
The orc wizard casts a spell at you. The puff of flame hits you.
* * * LOW HITPOINT WARNING * * *
The orc wizard hits you with a +0 dagger.
* * * LOW HITPOINT WARNING * * *
It was a potion of invisibility.
You fade into invisibility!
The orc wizard barely misses you.
You barely miss the orc wizard.
Your tail-slap misses the orc wizard.
The orc wizard is lightly wounded.
The orc wizard casts a spell at you. The puff of flame hits you.
* * * LOW HITPOINT WARNING * * *
You closely miss the orc wizard.
The orc wizard is lightly wounded.
The orc wizard barely misses you.
You catch the helpless orc wizard completely off-guard!
You sock the orc wizard!
The orc wizard is heavily wounded.
The orc wizard hits you but does no damage.
You barely miss the orc wizard.
The orc wizard is heavily wounded.
The orc wizard barely misses you. The orc wizard closely misses you.
You closely miss the orc wizard.
The orc wizard is heavily wounded.
The orc wizard hits you with a +0 dagger.
You die...

Action                   || total
-------------------------++-------
Melee: Mace              ||    78
       Tailslap          ||     7
 Abil: Rolling Charge    ||     2
  Use: Potion            ||     1
 Stab: Invisible         ||     1
Armor: Leather armour    ||    17
Dodge: Dodged            ||    33

Levels and vault maps discovered:
D:1:      tarquinn_simple_flora_water_f, layout_loops_corners,
          amcnicky_mini_pool_small, wander_ebering_terrifying_dragon_lair
D:2:      layout_loops_ring, ebering_ecumenical_altar_hall, st_stairs_6

Notes
Turn   | Place    | Note
-------+----------+-------------------------------------------
     0 | Abyss:1  | sanka the Palentonga Abyssal Knight began the quest for the
                  | Orb.
     0 | Abyss:1  | Reached XP level 1. HP: 19/19 MP: 2/2
    65 | D:1      | Escaped the Abyss
   312 | D:1      | Reached XP level 2. HP: 23/25 MP: 3/3
   386 | D:1      | Reached skill level 3 in Maces & Flails
  1079 | D:2      | Reached ** piety under Lugonu
  1267 | D:2      | Reached XP level 3. HP: 25/31 MP: 4/4
  1345 | D:2      | Found a faded altar of an unknown god.
  1640 | D:1      | HP: 2/31 [orc wizard/puff of flame (6)]
  1644 | D:1      | Slain by an orc wizard

Vanquished Creatures
  An orc (D:2)
  5 ball pythons (D:1)
  4 endoplasms (D:1)
  4 goblins
  2 hobgoblins (D:1)
  2 quokkas
  2 bats (D:1)
  2 frilled lizards (D:1)
  5 kobolds
  A rat (D:1)
28 creatures vanquished.
